 Dungeon Crawl Stone Soup version 0.29.1-1-gd02db6906a (webtiles) character file.

Game seed: 1276629727634072645

152 warriortoast the Conjurer (level 5, -2/28 HPs)
             Began as a Deep Elf Conjurer on Oct 18, 2022.
             Slain by a goblin
             ... wielding a +0 dagger
             ... led by Robin
              (3 damage)
             ... on level 4 of the Dungeon.
             The game lasted 00:08:28 (3212 turns).

warriortoast the Conjurer (Deep Elf Conjurer)       Turns: 3212, Time: 00:08:30

Health: -2/28      AC:  3    Str:  4    XL:     5   Next: 11%
Magic:  11/23      EV: 12    Int: 25    God:
Gold:   170        SH:  0    Dex: 13    Spells: 6/14 levels left

rFire   . . .      SeeInvis .   g - +0 short sword
rCold   . . .      Faith    .   (no shield)
rNeg    . . .      Spirit   .   a - +1 robe
rPois   .          Reflect  .   (no helmet)
rElec   .          Harm     .   (no cloak)
rCorr   .          Rampage  .   (no gloves)
Will    .....                   (no boots)
Stlth   ++........              (no amulet)
HPRegen 0.09/turn               j - ring of magical power
MPRegen 0.18/turn               (no ring)

@: no status effects
A: no striking features
a: no special abilities


You were on level 4 of the Dungeon.
You visited 1 branch of the dungeon, and saw 4 of its levels.

You collected 170 gold pieces.

Inventory:

Hand Weapons
 d - a +0 short sword
 g - a +0 short sword (weapon)
Armour
 a - a +1 robe (worn)
Jewellery
 j - a ring of magical power (left hand)
Scrolls
 h - a scroll of enchant armour
 m - a scroll of noise {unknown}
 n - 2 scrolls of identify {unknown}
Potions
 b - a potion of magic
 c - a potion of haste {unknown}
 e - a potion of mutation {unknown}
 f - 2 potions of heal wounds {unknown}
 i - a potion of brilliance {unknown}


   Skills:
 - Level 2.4 Dodging
 - Level 2.4 Stealth
 + Level 5.1 Spellcasting
 + Level 5.5 Conjurations
 + Level 2.7 Hexes


You had 6 spell levels left.
You knew the following spells:

 Your Spells              Type           Power      Damage    Failure   Level
a - Magic Dart            Conj           100%       1d8       1%          1
b - Dazzling Flash        Conj/Hex       54%        N/A       4%          3
c - Fulminant Prism       Conj/Hex       13%        3d9       14%         4

Your spell library contained the following spells:

 Spells                   Type           Power      Damage    Failure   Level
 Searing Ray              Conj           68%        2d6       1%          2
 Iskenderun's Mystic Bla  Conj/Tloc      20%        2d6       26%         4


Dungeon Overview and Level Annotations

Branches:
Dungeon (4/15)
 Temple: D:4-7

Altars:
Kikubaaqudgha

Annotations:
D:4 Blork the orc, Robin


Message History

Confirm with . or Enter, or press ? or * to list all spells.
Aiming: Magic Dart (safe; 1% risk of failure)
Press: ? - help, Shift-Dir - straight line, f - goblin
Aim: a goblin, wielding a +0 dagger (strong, 100% to hit)
The magic dart hits the goblin.
The goblin is heavily wounded.
The goblin hits you with a +0 dagger.
* * * LOW HITPOINT WARNING * * *
Casting: Magic Dart (safe; 1% risk of failure)
Confirm with . or Enter, or press ? or * to list all spells.
Aiming: Magic Dart (safe; 1% risk of failure)
Press: ? - help, Shift-Dir - straight line, f/p - goblin
Aim: a goblin, wielding a +0 dagger (heavily wounded, strong, 100% to hit)
The magic dart hits the goblin!
You kill the goblin!
Robin throws the goblin at you!
* * * LOW HITPOINT WARNING * * *
The goblin unwields a +0 sling.
The goblin wields a +0 dagger.
The goblin closely misses you.
Casting: Magic Dart (safe; 1% risk of failure)
Confirm with . or Enter, or press ? or * to list all spells.
Aiming: Magic Dart (safe; 1% risk of failure)
Press: ? - help, Shift-Dir - straight line, f - goblin
Aim: a goblin, wielding a +0 dagger (strong, 100% to hit)
The magic dart hits the goblin.
The goblin is moderately wounded.
The goblin hits you with a +0 dagger.
* * * LOW HITPOINT WARNING * * *
Robin roars a battlecry!
The goblin hits you with a +0 dagger.
* * * LOW HITPOINT WARNING * * *
Casting: Magic Dart (safe; 1% risk of failure)
Confirm with . or Enter, or press ? or * to list all spells.
Aiming: Magic Dart (safe; 1% risk of failure)
Press: ? - help, Shift-Dir - straight line, f/p - goblin
Aim: a goblin, wielding a +0 dagger (moderately wounded, strong, 100% to hit)
The magic dart hits the goblin.
You kill the goblin!
The goblin hits you with a +0 dagger.
You die...

*,* *,,,* *,* ***
*,,,* *,* ########*8**
*,,,* *,* #......#,,,*
*,,,* *,*
#......#,,,***,,,* *,*
#......#,∩,,,∩,,,, *,*
#......#,,,**#.^.. *,*
#.)....#,,,* #.... *,*
#@g....#*8** #....
*,*####g...#*** #....
*,*#"......# #....
*,*#.......# #....
*,*#.....g.# #)...
*,.........#######....
*............gg.g..)..
#...................##
#.....................


You could see Robin and a goblin (strong).

Vanquished Creatures
  Terence (D:2)
  4 adders
  A worm (D:2)
  A dart slug (D:1)
  An orc (D:3)
  5 endoplasms
  A giant cockroach (D:3)
  13 goblins
  5 hobgoblins
  9 jackals
  4 quokkas
  6 ball pythons
  12 bats
  5 frilled lizards
  8 kobolds
  10 rats
86 creatures vanquished.

Vanquished Creatures (others)
  A human (D:3)
1 creature vanquished.

Grand Total: 87 creatures vanquished

Notes
Turn   | Place    | Note
-------+----------+-------------------------------------------
     0 | D:1      | warriortoast the Deep Elf Conjurer began the quest for the
                  | Orb.
     0 | D:1      | Reached XP level 1. HP: 10/10 MP: 6/6
   335 | D:1      | Reached XP level 2. HP: 15/15 MP: 5/8
   913 | D:1      | Reached skill level 5 in Conjurations
   913 | D:1      | Reached XP level 3. HP: 15/19 MP: 5/10
   917 | D:1      | Learned a level 3 spell: Dazzling Flash
  1241 | D:2      | Noticed Terence
  1369 | D:2      | Reached skill level 1 in Hexes
  1498 | D:2      | Reached XP level 4. HP: 24/24 MP: 2/12
  2168 | D:2      | Killed Terence
  2458 | D:3      | Learned a level 4 spell: Fulminant Prism
  2592 | D:3      | Found an ancient bone altar of Kikubaaqudgha.
  2593 | D:3      | Noticed a human
  2597 | D:3      | Killed a human
  2785 | D:3      | Reached skill level 5 in Spellcasting
  3021 | D:3      | Found a faded altar of an unknown god.
  3147 | D:4      | Noticed Blork the orc
  3168 | D:4      | Reached XP level 5. HP: 28/28 MP: 14/14
  3183 | D:4      | Noticed Robin
  3211 | D:4      | HP: 1/28 [goblin/+0 dagger[Robin] (1)]
  3212 | D:4      | Slain by a goblin

Illustrated notes

Levels and vault maps discovered:
D:1:      wander_arrival_peaceful_grave, layout_basic, serial_forest,
          infiniplex_forest_clump_small, infiniplex_forest_lined_2,
          infiniplex_forest_straight_4, infiniplex_forest_clump_curved,
          infiniplex_forest_lined_room_3, infiniplex_forest_diagonal
D:2:      layout_basic, uniq_terence
D:3:      layout_rooms, tgw_kikubaaqudgha, shapermc_ecumenical_altar_flowoftime,
          kennysheep_doodads
D:4:      layout_rooms, mainiacjoe_overflow_tiny_flanked,
          chequers_ossuary_entry_cave, gup_sewer_entry_bubbles,
          uniq_blork_the_orc, uniq_robin, uniq_duvessa

Skill      XL: |  1  2  3  4 |
---------------+-------------+-----
Spellcasting   | 4 5 |  5.1
Conjurations   | 5 |  5.5
Hexes          | 1 2 |  2.7
Dodging        | |  2.4
Stealth        | |  2.4

Action                   |  1- 3 |  4- 6 || total
-------------------------+-------+-------++-------
Melee: Short sword       |       |     3 ||     3
 Cast: Magic Dart        |    78 |    91 ||   169
  Use: Scroll            |       |     4 ||     4
Armor: Robe              |     1 |     8 ||     9
Dodge: Dodged            |     3 |    22 ||    25
